 Dungeon Crawl Stone Soup version 0.30-a0-4-ga7cffc901d (webtiles) character file.

Game seed: 617511323229889886

146 siradein the Trooper (level 5, 0/42 HPs)
             Began as a Demonspawn Fighter on Aug 20, 2022.
             Slain by an iguana (3 damage)
             ... on level 4 of the Dungeon.
             The game lasted 00:03:39 (2758 turns).

siradein the Trooper (Demonspawn Fighter)           Turns: 2758, Time: 00:03:40

Health: 0/42       AC: 14    Str: 16    XL:     5   Next: 7%
Magic:  5/5        EV:  4    Int: 12    God:
Gold:   202        SH:  4    Dex: 12    Spells: 4/4 levels left

rFire   . . .      SeeInvis .    a - +0 flail
rCold   . . .      Faith    .    c - +0 buckler
rNeg    . . .      Spirit   .    h - +0 plate armour
rPois   .          Reflect  .    (helmet restricted)
rElec   .          Harm     .    (no cloak)
rCorr   .          Rampage  .    (no gloves)
Will    .....                    o - +2 pair of boots
Stlth   ..........               (no amulet)
HPRegen 0.14/turn                (no ring)
MPRegen 0.09/turn                (no ring)

@: no status effects
A: horns 1, powered by pain 2, spiny 1
a: no special abilities


You were on level 4 of the Dungeon.
You visited 1 branch of the dungeon, and saw 4 of its levels.

You collected 202 gold pieces.

Inventory:

Hand Weapons
 a - a +0 flail (weapon)
Missiles
 r - 2 throwing nets (quivered)
Armour
 c - a +0 buckler (worn)
 h - a +0 plate armour (worn)
 o - a +2 pair of boots (worn)
Wands
 u - a wand of flame (24)
 v - a wand of polymorph (11)
Scrolls
 g - 3 scrolls of identify {unknown}
 i - 2 scrolls of enchant weapon {unknown}
 j - a scroll of vulnerability {unknown}
 l - 2 scrolls of teleportation {unknown}
 m - a scroll of butterflies {unknown}
 q - 2 scrolls of fear {unknown}
 t - a scroll of summoning {unknown}
Potions
 b - 2 potions of resistance {unknown}
 d - 4 potions of might
 e - a potion of berserk rage {unknown}
 f - 2 potions of haste
 k - a potion of degeneration {unknown}
 n - 2 potions of curing {unknown}
 p - 2 potions of ambrosia {unknown}
 s - a potion of mutation {unknown}


   Skills:
 + Level 3.9 Fighting
 + Level 2.7 Maces & Flails
 + Level 3.5 Armour
 + Level 3.5 Shields


You had 4 spell levels left.
You didn't know any spells.
Your spell library contained the following spells:

 Spells                   Type           Power      Damage    Failure   Level
 Cause Fear               Hex            0%         N/A       100%        4
 Dragon Form              Tmut           0%         N/A       100%        7
 Dragon's Call            Summ           0%         N/A       100%        9


Dungeon Overview and Level Annotations

Branches:
Dungeon (4/15)
 Temple: D:4-7

Altars:
Ashenzari
Dithmenos
Ru


Innate Abilities, Weirdness & Mutations

You have a pair of small horns on your head.
You sometimes gain power by taking damage.
You are partially covered in sharp spines.


Message History

You hit the iguana. You headbutt the iguana.
The iguana is moderately wounded.
The endoplasm freezes you.
You are frozen.
You block the iguana's attack.
The iguana bites you but does no damage.
The endoplasm freezes you.
You are frozen.
You hit the iguana but do no damage.
The iguana is moderately wounded.
The endoplasm closely misses you. The iguana is struck by your spines.
The iguana bites you!
You barely miss the iguana.
The iguana is moderately wounded.
The iguana bites you. The endoplasm freezes you.
You are frozen.
You are too injured to fight recklessly!
Unknown command.
You are too injured to fight recklessly!
Unknown command.
You are too injured to fight recklessly!
The iguana attacks as you move away! The iguana is struck by your spines.
The iguana bites you but does no damage.
The endoplasm attacks as you move away! You block the endoplasm's attack.
You hit the endoplasm. You headbutt the endoplasm.
You kill the endoplasm!
You block the iguana's attack.
You barely miss the iguana.
The iguana is heavily wounded.
The iguana is struck by your spines.
The iguana bites you but does no damage.
You barely miss the iguana.
The iguana is heavily wounded.
The iguana bites you!
You barely miss the iguana.
The iguana is heavily wounded.
The iguana is struck by your spines. The iguana bites you!
* * * LOW HITPOINT WARNING * * *
The iguana bites you.
You die...

# #####.# #.## ....#.###
.... # #.......# #... #.
#.......# .... . .#
#.......# .... .. ..
#.......# .... ...##.
#........ ...
.....#####........ .......
##....@l........
#........##>....##...>....
#...........##.###........
..........# #.# ########.
..........# #.# ..........#
#.##### ..........#
#.....#######.. †.........#
####..†........
)........########..#######..


You could see an iguana.

Vanquished Creatures
  An iguana (D:4)
  Robin (D:4)
  4 adders
  5 orcs (D:3)
  An endoplasm (D:4)
  2 giant cockroaches
  11 goblins
  4 hobgoblins (D:4)
  2 jackals (D:2)
  7 kobolds
  4 quokkas
  10 ball pythons
  6 bats
  4 frilled lizards
  6 rats
68 creatures vanquished.

Notes
Turn   | Place    | Note
-------+----------+-------------------------------------------
     0 | D:1      | siradein the Demonspawn Fighter began the quest for the
                  | Orb.
     0 | D:1      | Reached XP level 1. HP: 18/18 MP: 1/1
   496 | D:1      | Gained mutation: You are partially covered in sharp spines.
                  | [demonic ancestry]
   496 | D:1      | Reached XP level 2. HP: 22/24 MP: 2/2
  1365 | D:2      | Found a shadowy altar of Dithmenos.
  1739 | D:3      | Gained mutation: You have a pair of small horns on your
                  | head. [demonic ancestry]
  1739 | D:3      | Reached XP level 3. HP: 29/29 MP: 3/3
  1957 | D:3      | Found a broken altar of Ashenzari.
  2410 | D:4      | Gained mutation: You sometimes gain a little power by
                  | taking damage. [demonic ancestry]
  2410 | D:4      | Reached XP level 4. HP: 35/35 MP: 4/4
  2549 | D:4      | Found a sacrificial altar of Ru.
  2570 | D:4      | Noticed Robin
  2587 | D:4      | Killed Robin
  2731 | D:4      | Gained mutation: You sometimes gain power by taking damage.
                  | [demonic ancestry]
  2731 | D:4      | Reached XP level 5. HP: 42/42 MP: 5/5
  2758 | D:4      | Slain by an iguana

Illustrated notes

Levels and vault maps discovered:
D:1:      spicycebolla_arrival_ecumenical, layout_basic
D:2:      layout_basic, basic_altar
D:3:      layout_basic, mainiacjoe_overflow_catwalk
D:4:      layout_rooms, nicolae_ru_awakened_eye, uniq_robin

Skill      XL: |  1  2 |
---------------+-------+-----
Maces & Flails | 2 |  2.7
Shields        | 3 |  3.5
Armour         | 3 |  3.5
Fighting       | |  3.9

Action                   |  1- 3 |  4- 6 || total
-------------------------+-------+-------++-------
Melee: Flail             |   104 |    46 ||   150
       Headbutt          |     6 |     6 ||    12
Armor: Scale mail        |    18 |       ||    18
       Plate armour      |    45 |    35 ||    80
Dodge: Dodged            |    35 |    15 ||    50
Block: Buckler           |    24 |    17 ||    41

Table legend: (Time is in decaauts)
 A = Elapsed time spent in this place.
 B = Non-inter-level travel time spent in this place.
 C = Inter-level travel time spent in this place.
 D = Time resting spent in this place.
 E = Time spent auto-exploring this place.
 F = Levels seen in this place.
 G = Mean time per level.
                   A        B        C        D        E       F      G
               +--------+--------+--------+--------+--------+-----+--------+
         Total |   2806 |   2703 |    103 |      0 |   2291 |   4 |  701.5 |
       Dungeon |   2806 |   2703 |    103 |      0 |   2291 |   4 |  701.5 |
               +--------+--------+--------+--------+--------+-----+--------+

Top non-repeatable levels by time:
     D:1: 1196 daAuts
     D:3: 708 daAuts
     D:2: 530 daAuts
     D:4: 370 daAuts
